 Dungeon Crawl Stone Soup version 0.23.2-30-g0e89c35649 (webtiles) character file.

Game seed: 9606477007202962968

515 HASTUR3 the Grave Robber (level 7, 0/36 HPs)
             Began as a Deep Elf Necromancer on June 19, 2019.
             Was a Follower of Ashenzari.
             Shot with an arrow by a centaur (7 damage)
             ... on level 5 of the Dungeon.
             The game lasted 00:29:56 (4865 turns).

HASTUR3 the Grave Robber (Deep Elf Necromancer)     Turns: 4865, Time: 00:29:57

Health: 0/36       AC:  6    Str:  6    XL:     7   Next: 0%
Magic:  2/17       EV: 13    Int: 21    God:    Ashenzari [*.....]
Gold:   80         SH:  0    Dex: 18    Spells: 5/17 levels left

rFire    . . .     SeeInvis .   k - -2 club (curse)
rCold    . . .     Gourm    .   (no shield)
rNeg     . . .     Faith    +   v - +0 leather armour
rPois    .         Spirit   .   (no helmet)
rElec    .         Reflect  .   u - +0 cloak
rCorr    .         Harm     .   (no gloves)
MR       .....     Rnd*Rage +   (no boots)
Stlth    ++........             e - amulet of faith (curse)
HPRegen  0.12/turn              f - +3 ring of dexterity (curse)
MPRegen  0.15/turn              (no ring)

@: no status effects
A: thin metallic scales 1, berserk 1, evolution 1
a: Curse Item, Scrying, Renounce Religion


You were on level 5 of the Dungeon.
You worshipped Ashenzari.
Ashenzari was aware of your devotion.
You were near starving.

You visited 1 branch of the dungeon, and saw 5 of its levels.

You collected 170 gold pieces.
You spent 90 gold pieces at shops.

Inventory:

Hand Weapons
 h - a +1 dagger of venom
 k - a cursed -2 club (weapon)
Armour
 u - a +0 cloak (worn)
 v - a +0 leather armour (worn)
Magical Staves
 o - an uncursed staff of air
Jewellery
 e - a cursed amulet of faith (around neck)
 f - a cursed +3 ring of dexterity (left hand)
 m - a cursed amulet of magic regeneration
Wands
 g - a wand of flame (18)
 j - a wand of random effects (17)
 p - a wand of paralysis (4)
Scrolls
 i - 3 scrolls of identify
 l - 2 scrolls of teleportation
 r - 4 scrolls of remove curse
 s - a scroll of enchant weapon {unknown}
Potions
 b - a potion of might
 n - a potion of resistance
 q - 2 potions of cancellation
 t - 2 potions of heal wounds {unknown}
Comestibles
 c - 8 rations


   Skills:
 - Level 3.2 Dodging
 - Level 2.4 Stealth
 - Level 5.5 Spellcasting
 - Level 4.7 Charms
 - Level 7.3 Necromancy
 + Level 2.0 Evocations


You had 5 spell levels left.
You knew the following spells:

 Your Spells              Type           Power        Failure   Level  Hunger
a - Pain                  Necr           ####         1%          1    None
b - Animate Skeleton      Necr           N/A          1%          1    None
c - Vampiric Draining     Necr           #####.....   2%          3    ##.....
d - Regeneration          Chrm/Necr      ####......   4%          3    ##.....
e - Animate Dead          Necr           N/A          8%          4    ####...

Your spell library contained the following spells:

 Spells                   Type           Power        Failure   Level  Hunger


Dungeon Overview and Level Annotations

Branches:
Dungeon (5/15)             Temple (0/1) D:4

Altars:
Ashenzari
Cheibriados
Ru
Vehumet
Xom

Shops:
D:5 ?

Annotations:
D:3 Grinder
D:5 Prince Ribbit


Innate Abilities, Weirdness & Mutations

You are partially covered in thin metallic scales. (AC +2)
You tend to lose your temper in combat.
You evolve.


Message History

Your Evocations skill increases to level 2!
You have reached level 7!
You feel life coursing into your body.
Prince Ribbit disappears!
The worker ant zombie barely misses you.
The crimson imp hits you but does no damage.
The centaur wields a +0 shortbow.
The centaur shoots an arrow.
The arrow hits you!
* * * LOW HITPOINT WARNING * * *
Your leopard gecko zombie bites the crimson imp.
Okay, then.
You feel better.
The worker ant zombie bites you but does no damage.
The crimson imp hits you.
The centaur shoots an arrow.
The arrow hits you!
* * * LOW HITPOINT WARNING * * *
Your leopard gecko zombie bites the crimson imp.
The centaur shoots an arrow.
The arrow barely misses you.
Your leopard gecko zombie closely misses the crimson imp.
You see here an arrow.
The centaur shoots an arrow.
The arrow hits you!
You die...

.....#
#.##..##############
#..(>......5......5.
#####.##############
#..$Z.# #.#5.%#
#Z#.### #(†.c.#
#@#.#.# ###.#.# ...
. #..... #F.....
########


You could see a centaur, a crimson imp, a worker ant zombie and a friendly
leopard gecko zombie.

Vanquished Creatures
  An ogre (D:5)
  A jelly (D:5)
  A bullfrog skeleton (D:4)
  Ijyb (D:2)
  Natasha (thrice) (D:4)
  2 worker ants (D:4)
  5 adders
  2 gnolls (D:2)
  A shadow imp (D:5)
  An ooze (D:4)
  An adder skeleton (D:5)
  3 worms
  3 dart slugs
  7 leopard geckos
  3 orcs
  3 giant cockroaches
  17 goblins
  7 hobgoblins
  10 jackals
  A quokka (D:5)
  2 ball pythons
  5 bats
  4 frilled lizards
  7 kobolds
  3 rats
94 creatures vanquished.

Vanquished Creatures (collateral kills)
  A jelly (D:5)
  Robin (D:2)
  A gnoll (D:2)
  A shadow imp (D:5)
  A dart slug (D:1)
  A bat (D:3)
  A goblin (D:3)
  A jackal (D:3)
  A kobold (D:1)
9 creatures vanquished.

Grand Total: 103 creatures vanquished

Notes
Turn   | Place    | Note
-------+----------+-------------------------------------------
     0 | D:1      | HASTUR3 the Deep Elf Necromancer began the quest for the
                  | Orb.
     0 | D:1      | Reached XP level 1. HP: 10/10 MP: 6/6
     3 | D:1      | Learned a level 1 spell: Animate Skeleton
    39 | D:1      | Found a shattered altar of Ashenzari.
    63 | D:1      | Became a worshipper of Ashenzari the Shackled
    71 | D:1      | Reached skill level 5 in Necromancy
   147 | D:1      | Reached XP level 2. HP: 6/15 MP: 2/8
   813 | D:1      | Gained mutation: You are weak. (Str -2) [potion of
                  | mutation]
   813 | D:1      | Gained mutation: Your body sometimes deteriorates upon
                  | taking damage. [potion of mutation]
   813 | D:1      | Lost mutation: You are weak. (Str -2) [potion of mutation]
   855 | D:2      | Reached skill level 6 in Necromancy
   855 | D:2      | Reached XP level 3. HP: 18/19 MP: 6/9
   860 | D:2      | Learned a level 3 spell: Vampiric Draining
   864 | D:2      | Learned a level 3 spell: Regeneration
   935 | D:2      | Lost mutation: Your body sometimes deteriorates upon taking
                  | damage. [potion of mutation]
   935 | D:2      | Gained mutation: You are clumsy. (Dex -2) [potion of
                  | mutation]
   935 | D:2      | Gained mutation: You are robust. (+10% HP) [potion of
                  | mutation]
  1009 | D:2      | Found a shimmering altar of Xom.
  1259 | D:2      | Reached skill level 1 in Charms
  1998 | D:3      | Noticed Grinder
  2037 | D:3      | Reached XP level 4. HP: 25/26 MP: 7/10
  2155 | D:3      | Noticed Robin
  2291 | D:3      | Noticed Ijyb
  2414 | D:2      | Killed Ijyb
  2538 | D:2      | Killed Robin
  2556 | D:3      | Reached XP level 5. HP: 21/30 MP: 2/13
  2645 | D:3      | Learned a level 4 spell: Animate Dead
  2894 | D:2      | Reached skill level 5 in Spellcasting
  3181 | D:4      | Found a radiant altar of Vehumet.
  3224 | D:4      | Found a sacrificial altar of Ru.
  3227 | D:4      | Lost mutation: You are clumsy. (Dex -2) [potion of
                  | mutation]
  3227 | D:4      | Lost mutation: You are robust. (+10% HP) [potion of
                  | mutation]
  3227 | D:4      | Gained mutation: You tend to lose your temper in combat.
                  | [potion of mutation]
  3227 | D:4      | Gained mutation: You evolve. [potion of mutation]
  3249 | D:4      | Found a staircase to the Ecumenical Temple.
  3444 | D:4      | Reached * piety under Ashenzari
  3447 | D:4      | Found a snail-covered altar of Cheibriados.
  3607 | D:4      | Reached skill level 7 in Necromancy
  3608 | D:4      | Reached XP level 6. HP: 27/32 MP: 10/15
  3651 | D:4      | Gained mutation: You are partially covered in thin metallic
                  | scales. (AC +2) [evolution]
  3672 | D:4      | Noticed Natasha
  3684 | D:4      | Killed Natasha
  3904 | D:4      | Noticed Natasha
  3912 | D:4      | Killed Natasha
  3945 | D:4      | Noticed Natasha
  3953 | D:4      | Killed Natasha
  4013 | D:5      | Entered Level 5 of the Dungeon
  4058 | D:5      | Found Ypniwom's Magic Scroll Emporium.
  4070 | D:5      | Bought a scroll of remove curse for 30 gold pieces
  4070 | D:5      | Bought a scroll of remove curse for 30 gold pieces
  4070 | D:5      | Bought a scroll of remove curse for 30 gold pieces
  4401 | D:5      | Reached skill level 1 in Evocations
  4852 | D:5      | Noticed Prince Ribbit
  4862 | D:5      | Reached XP level 7. HP: 23/36 MP: 1/17
  4865 | D:5      | Shot with an arrow by a centaur

Skill      XL: |  1  2  3  4  5  6 |
---------------+-------------------+-----
Necromancy     | 5 6 7 |  7.3
Charms         | 3 4 |  4.7
Spellcasting   | 4 5 |  5.5
Dodging        | 3 |  3.2
Evocations     | 2 |  2.0
Stealth        | |  2.4

Action                   |  1- 3 |  4- 6 |  7- 9 || total
-------------------------+-------+-------+-------++-------
Melee: Unarmed           |     9 |       |       ||     9
       Club              |       |   163 |       ||   163
 Cast: Pain              |    63 |    66 |       ||   129
       Animate Skeleton  |    17 |    15 |       ||    32
       Vampiric Draining |     1 |    37 |     1 ||    39
       Regeneration      |     1 |     8 |       ||     9
       Animate Dead      |       |     2 |       ||     2
Invok: Curse Item        |     1 |     1 |       ||     2
Evoke: Wand              |       |     1 |       ||     1
  Use: Potion            |    11 |     2 |     1 ||    14
       Scroll            |     2 |     1 |       ||     3
 Stab: Sleeping          |       |     2 |       ||     2
  Eat: Chunk             |     3 |    11 |       ||    14
Armor: Robe              |     6 |    32 |       ||    38
       Leather armour    |       |    15 |     2 ||    17
Dodge: Dodged            |    27 |   164 |     2 ||   193
